 Dungeon Crawl Stone Soup version 0.31-a0-728-g01b46875f1 (webtiles) character file.

Game seed: 1159610946203173786

21894 Aneyh the Bludgeoner (level 12, -2/72 HPs)
             Began as a Tengu Monk on Sept 11, 2023.
             Was a Priest of Hepliaklqana.
             Shot with an arrow by a centaur warrior (9 damage)
             ... on level 13 of the Dungeon on Sept 12, 2023.
             The game lasted 00:32:30 (13049 turns).

Aneyh the Bludgeoner (Tengu Monk)                  Turns: 13049, Time: 00:32:35

Health: -2/72      AC:  8    Str: 17    XL:     12   Next: 94%
Magic:  11/13      EV: 21    Int: 17    God:    Hepliaklqana [***...]
Gold:   369        SH:  6    Dex: 16    Spells: 8/11 levels left

rFire   + . .        a - +4 hammer of Doom {heavy, rPois rF+}
rCold   . . .        m - +0 buckler
rNeg    . . .        S - +0 troll leather armour
rPois   +            (helmet restricted)
rElec   +            I - scarf {repulsion}
rCorr   .            B - +0 pair of gloves
SInv    .            (boots unavailable)
Will    .....        (no amulet)
Stlth   +            c - +6 ring of intelligence
HPRegen 1.12/turn    F - +4 ring of protection
MPRegen 0.13/turn

%: repel missiles, acrobat, clarity
@: flying
A: reduced essence, beak, talons 3, evasive flight, acrobatic, clarity,
electricity resistance, MP-powered wands
a: Renounce Religion, Recall Ancestor, Ancestor Identity, Transference


You were on level 13 of the Dungeon.
You worshipped Hepliaklqana.
Hepliaklqana was most pleased with you.
You visited 3 branches of the dungeon, and saw 16 of its levels.
You visited the Abyss 1 time.

You collected 1629 gold pieces.
You spent 1260 gold pieces at shops.

Inventory:

Hand Weapons
 a - the +4 hammer of Doom (weapon) {heavy, rPois rF+}
   (You found it on level 2 of the Dungeon)

   rF+:       It protects you from fire.
   rPois:     It protects you from poison
 b - a +2 falchion of flaming
 d - a +4 spear
 f - a +1 halberd of protection
 h - a +2 halberd of freezing
 v - a +0 trident
 O - a +0 glaive
 Q - a +1 spear of venom
 R - a +0 arbalest
 W - a +5 spear of flaming
 X - a +3 broad axe
 Y - a +0 great mace
Missiles
 x - 3 throwing nets
 N - 20 boomerangs
Armour
 m - a +0 buckler (worn)
 A - a +0 cloak
 B - a +0 pair of gloves (worn)
 G - +0 steam dragon scales
 H - a scarf of invisibility
 I - a scarf of repulsion (worn)
 P - the +1 robe "Rutiott" {rC++ Dex+3 Slay-2}
   (You found it on level 7 of the Dungeon)

   Dex+3:     It affects your dexterity (+3).
   Slay-2:    It affects your accuracy & damage with ranged weapons and melee
   (-2).
   rC++:      It greatly protects you from cold.
 S - a +0 troll leather armour (worn)
Jewellery
 c - a +6 ring of intelligence (left hand)
 u - a ring of resist corrosion
 F - a +4 ring of protection (right hand)
 J - a ring of see invisible
Wands
 t - a wand of iceblast (11)
 L - a wand of paralysis (9)
 V - a wand of polymorph (3)
Scrolls
 g - a scroll of enchant armour {unknown}
 i - 3 scrolls of enchant weapon {unknown}
 j - 2 scrolls of blinking
 k - 11 scrolls of teleportation
 l - 2 scrolls of vulnerability {unknown}
 w - 3 scrolls of immolation
 y - a scroll of butterflies {unknown}
 z - a scroll of fog {unknown}
 C - 2 scrolls of poison
 M - 4 scrolls of fear
 T - a scroll of identify
Potions
 e - a potion of berserk rage {unknown}
 n - a potion of ambrosia
 o - 2 potions of resistance {unknown}
 p - a potion of attraction
 q - a potion of heal wounds
 r - 3 potions of mutation
 s - 4 potions of curing
 D - 2 potions of lignification
 E - 2 potions of might
 K - a potion of magic {unknown}
 U - a potion of brilliance {unknown}
 Z - a potion of cancellation {unknown}


   Skills:
 * Level 11.0 Fighting
 - Level 15.0 Maces & Flails
 - Level 5.3 Polearms
 + Level 11.2 Dodging
 - Level 6.0 Shields
 * Level 2.4 Summonings


You had 8 spell levels left.
You knew the following spells:

 Your Spells              Type           Power      Damage    Failure   Level
a - Call Canine Familiar  Summ           8%         N/A       36%         3

Your spell library contained the following spells:

 Spells                   Type           Power      Damage    Failure   Level
 Summon Small Mammal      Summ           32%        N/A       13%         1
 Call Imp                 Summ           16%        N/A       21%         2
 Ensorcelled Hibernation  Hex/Ice        0%         N/A       47%         2
 Jinxbite                 Hex            0%         N/A       47%         2
 Summon Ice Beast         Ice/Summ       4%         N/A       91%         4
 Anguish                  Hex/Necr       0%         N/A       98%         4
 Vhi's Electric Charge    Tloc/Air       0%         N/A       98%         4
 Summon Mana Viper        Hex/Summ       4%         N/A       99%         5
 Arcjolt                  Conj/Air       0%         1d10      100%        5
 Plasma Beam              Fire/Air       0%         2x1d10    100%        6
 Summon Cactus Giant      Summ           4%         N/A       100%        6
 Summon Hydra             Summ           4%         N/A       100%        7
 Dragon's Call            Summ           4%         N/A       100%        9


Dungeon Overview and Level Annotations

Branches:
Dungeon (13/15)            Temple (1/1) D:4            Lair (0/5) D:11
    Orc (2/2) D:11
    Elf: Orc:2       Vaults: D:13-14

Altars:
Ashenzari
Cheibriados
Dithmenos
Elyvilon
Fedhas
Gozag
Hepliaklqana
Kikubaaqudgha
Makhleb
Nemelex Xobeh
Okawaru
Qazlal
Ru
Sif Muna
Trog
Uskayaw
Vehumet
Wu Jian
Xom
Yredelemnul
Zin
The Shining One

Shops:
D:2 ?   D:7 (   D:11 :   Orc:1 *

Annotations:
Orc:2 Supercliff's ghost, journeyman MiBe


Innate Abilities, Weirdness & Mutations

Your life essence is reduced to manifest your ancestor. (-10% HP)
You have a beak for a mouth.
You have claws for feet.
Your magical flight helps you evade attacks. (EV +4)
You can magically evade attacks while moving or waiting.
You possess an exceptional clarity of mind.
You are resistant to electric shocks. (rElec)
You expend magic power (3 MP) to strengthen your wands.


Message History

You swap places.
You sock the boulder beetle! Your peck misses the boulder beetle.
The boulder beetle is lightly wounded.
You block the boulder beetle's attack.
You hit the boulder beetle but do no damage.
You peck the boulder beetle, but do no damage.
The boulder beetle is lightly wounded.
Your hound bites the boulder beetle but does no damage.
The boulder beetle barely misses you.
You hit the boulder beetle but do no damage.
You peck the boulder beetle, but do no damage.
The boulder beetle is lightly wounded.
Your hound bites the boulder beetle but does no damage. x2
The boulder beetle bites you!
You barely miss the boulder beetle. You claw the boulder beetle.
You peck the boulder beetle, but do no damage.
The boulder beetle is moderately wounded.
Your hound bites the boulder beetle but does no damage.
The boulder beetle bites you!
A troll comes into view.
You sock the boulder beetle! Your kick misses the boulder beetle.
You peck the boulder beetle.
The boulder beetle is heavily wounded.
Your hound bites the boulder beetle.
A centaur warrior comes into view.
It is wielding the +8 orcbow of the Stork {freeze, rPois rF+}.
Your hound bites the boulder beetle but does no damage.
The boulder beetle closely misses you.
You hit the boulder beetle but do no damage.
You claw the boulder beetle. You peck the boulder beetle.
The boulder beetle is heavily wounded.
Your hound bites the boulder beetle but does no damage.
The centaur warrior shoots an arrow.
The arrow barely misses your hound. The arrow hits you!! The arrow freezes you!
* * * LOW HITPOINT WARNING * * *
The boulder beetle bites you!
* * * LOW HITPOINT WARNING * * *
Your hound bites the boulder beetle but does no damage.
The centaur warrior shoots an arrow.
The arrow closely misses your hound. The arrow hits you!
You die...

##.#.## .....#
#.#..# #########
.###.#..####
#......<.
...........#
#.#######
...###.[##.####.#
# ##.##......#
#...####.#########
#....TB@R#
.?....h#.#
.#..#.#....
#...###.### ..#
.#. .... # # .c.
..


You could see the friendly Ahmose the knight, a boulder beetle (ally target), a
centaur warrior, a troll and a friendly hound (summoned).

Vanquished Creatures
  A boulder beetle (D:11)
  6 two-headed ogres
  3 orc knights (Orc:2)
  A manticore (D:12)
  2 gargoyles
  A kobold demonologist (D:10)
  Psyche (D:8)
  A rime drake (D:11)
  2 unseen horrors
  A dire elephant skeleton (Abyss:1)
  2 komodo dragons
  3 trolls
  Sigmund (D:6)
  A shadow (D:7)
  8 yaks
  3 wyverns
  2 wraiths (D:11)
  2 basilisks
  A steam dragon (D:4)
  5 vampire mosquitoes
  A warg (Orc:1)
  4 ice beasts
  24 orc warriors
  3 water moccasins
  A sky beast (D:7)
  A black bear (D:5)
  5 ogres
  12 centaurs
  2 wolves (D:11)
  2 phantoms
  A kobold brigand (D:6)
  6 bullfrogs
  2 gnoll sergeants
  2 scorpions (D:6)
  8 wights
  6 howler monkeys
  8 orc priests
  4 hounds
  3 jellies
  Crazy Yiuf (D:2)
  2 gnoll boudas
  2 sleepcaps
  2 iguanas (D:7)
  13 orc wizards
  17 gnolls
  9 adders
  A white imp (D:7)
  2 ufetubi
  2 worms (D:2)
  4 dart slugs
  60 orcs
  10 ball pythons
  5 bats
  9 endoplasms
  2 giant cockroaches
  2 goblins
  5 hobgoblins
  A quokka (D:1)
  A frilled lizard (D:2)
  10 kobolds
  3 rats
305 creatures vanquished.

Vanquished Creatures (collateral kills)
  A centaur warrior (Orc:2)
  An ugly thing (D:11)
  A troll (Orc:1)
  A yak (D:11)
  2 ice beasts
  2 orc warriors (Orc:2)
  A centaur (Orc:2)
  A gnoll sergeant (D:11)
  2 howler monkeys
  An orc priest (Orc:2)
  3 orc wizards
  2 gnolls (D:11)
  9 orcs
27 creatures vanquished.

Vanquished Creatures (others)
  5 knights
  An orc wizard (D:10)
  An orc (Orc:2)
7 creatures vanquished.

Grand Total: 339 creatures vanquished

Notes
Turn   | Place    | Note
-------+----------+-------------------------------------------
     0 | D:1      | Aneyh the Tengu Monk began the quest for the Orb.
     0 | D:1      | Reached XP level 1. HP: 14/14 MP: 2/2
    98 | D:1      | Reached XP level 2. HP: 19/19 MP: 3/3
   657 | D:2      | Reached XP level 3. HP: 20/23 MP: 4/4
   773 | D:2      | Found a faded altar of an unknown god.
  1159 | D:2      | Found a sparkling altar of Nemelex Xobeh.
  1188 | D:2      | Reached skill level 5 in Polearms
  1190 | D:2      | Found Atowkoish's Magic Scroll Emporium.
  1290 | D:2      | Found a runed translucent door.
  1291 | D:2      | Noticed Crazy Yiuf
  1476 | D:2      | Reached XP level 4. HP: 13/28 MP: 5/5
  2015 | D:3      | HP: 1/28 [orc/+0 mace (3)]
  2190 | D:3      | Reached XP level 5. HP: 24/32 MP: 6/6
  2351 | D:3      | Found a blossoming altar of Fedhas.
  2521 | D:3      | Found an iron altar of Okawaru.
  2717 | D:4      | Noticed a steam dragon
  2791 | D:5      | Entered Level 5 of the Dungeon
  2808 | D:5      | Noticed a phantom
  2820 | D:5      | Killed a phantom
  2821 | D:5      | Reached skill level 5 in Fighting
  2821 | D:5      | Reached XP level 6. HP: 25/40 MP: 7/7
  2935 | D:2      | Killed Crazy Yiuf
  2940 | D:2      | Identified the +4 hammer of Doom {heavy, rPois rF+}
  3512 | D:4      | Found a sacrificial altar of Ru.
  3538 | D:4      | Killed a steam dragon
  3539 | D:4      | Reached skill level 1 in Maces & Flails
  3539 | D:4      | Reached skill level 1 in Shields
  3786 | D:4      | Found a staircase to the Ecumenical Temple.
  3878 | Temple   | Entered the Ecumenical Temple
  3940 | D:5      | Noticed a water moccasin
  3950 | D:5      | Killed a water moccasin
  3951 | D:5      | Reached skill level 2 in Maces & Flails
  3951 | D:5      | Gained mutation: Your magical flight helps you evade
                  | attacks. (EV +4) [Tengu growth]
  3951 | D:5      | Reached XP level 7. HP: 36/45 MP: 8/8
  4157 | D:5      | Reached skill level 3 in Maces & Flails
  4407 | D:5      | Found a glowing silver altar of Zin.
  4407 | D:5      | Found a white marble altar of Elyvilon.
  4408 | D:5      | Found a glowing golden altar of the Shining One.
  4448 | D:5      | Reached XP level 8. HP: 51/51 MP: 9/9
  4500 | D:5      | Reached skill level 4 in Maces & Flails
  4726 | D:6      | Noticed Sigmund
  4750 | D:6      | Killed Sigmund
  4751 | D:6      | Reached skill level 5 in Maces & Flails
  4834 | D:6      | Reached skill level 6 in Maces & Flails
  4900 | D:6      | Reached skill level 7 in Maces & Flails
  4900 | D:6      | Reached XP level 9. HP: 56/57 MP: 10/10
  5351 | D:6      | Reached skill level 8 in Maces & Flails
  5446 | D:7      | Found a shimmering blue altar of Sif Muna.
  5446 | D:7      | Found a burning altar of Makhleb.
  5560 | D:7      | Found a stormy altar of Qazlal.
  5561 | D:7      | Found a shadowy altar of Dithmenos.
  5638 | D:7      | Found Xoush's Antique Weapon Emporium.
  5740 | D:7      | Reached skill level 5 in Dodging
  5740 | D:7      | Reached skill level 5 in Shields
  6041 | D:7      | Noticed a gargoyle
  6057 | D:7      | Killed a gargoyle
  6120 | D:7      | Gained mutation: You are resistant to electric shocks.
                  | (rElec) [potion of mutation]
  6120 | D:7      | Gained mutation: You expend magic power (3 MP) to
                  | strengthen your wands. [potion of mutation]
  6120 | D:7      | Gained mutation: You possess an exceptional clarity of
                  | mind. [potion of mutation]
  6251 | D:7      | Reached skill level 9 in Maces & Flails
  6406 | D:7      | Noticed a two-headed ogre
  6414 | D:7      | Killed a two-headed ogre
  6415 | D:7      | Reached XP level 10. HP: 49/63 MP: 11/11
  6482 | D:7      | Noticed an unseen horror
  6486 | D:7      | Killed an unseen horror
  6487 | D:7      | Reached skill level 10 in Maces & Flails
  6500 | D:7      | Identified the +1 robe "Rutiott" {rC++ Dex+3 Slay-2}
  6663 | D:8      | Noticed Psyche
  6679 | Abyss:1  | Cast into level 1 of the Abyss (Psyche)
  6753 | Abyss:1  | Noticed a tentacled starspawn
  6777 | Abyss:1  | HP: 3/63 [dire elephant skeleton (17)]
  6894 | Abyss:2  | Noticed a worldbinder
  6897 | Abyss:2  | Noticed a red very ugly thing
  6897 | Abyss:2  | Noticed an ironbound thunderhulk
  6897 | Abyss:2  | Noticed a red very ugly thing
  6906 | Abyss:2  | Noticed a vault sentinel
  6906 | Abyss:2  | Noticed a purple very ugly thing
  6907 | D:8      | Escaped the Abyss
  6914 | D:8      | Killed Psyche
  7217 | D:8      | Reached skill level 11 in Maces & Flails
  8003 | D:9      | Reached skill level 12 in Maces & Flails
  8098 | D:9      | Found a sparkling altar of Nemelex Xobeh.
  8098 | D:9      | Noticed a two-headed ogre
  8106 | D:9      | Killed a two-headed ogre
  8107 | D:9      | Reached XP level 11. HP: 68/68 MP: 12/12
  8281 | D:9      | Found a snail-covered altar of Cheibriados.
  8283 | D:9      | Found a shimmering altar of Xom.
  8284 | D:9      | Found a radiant altar of Vehumet.
  8370 | D:9      | Found an opulent altar of Gozag.
  8372 | D:9      | Found a hide-covered altar of Uskayaw.
  8375 | D:9      | Found a bloodstained altar of Trog.
  8378 | D:9      | Found an ornate altar of the Wu Jian Council.
  8381 | D:9      | Found a broken altar of Ashenzari.
  8436 | D:9      | Found an ancient bone altar of Kikubaaqudgha.
  8588 | D:10     | Entered Level 10 of the Dungeon
  9062 | D:10     | Noticed a two-headed ogre
  9068 | D:10     | Killed a two-headed ogre
  9069 | D:10     | Reached skill level 13 in Maces & Flails
  9080 | D:10     | Found a hazy altar of Hepliaklqana.
  9089 | D:10     | Became a worshipper of Hepliaklqana the Forgotten
  9089 | D:10     | Reached * piety under Hepliaklqana
  9089 | D:10     | Reached ** piety under Hepliaklqana
  9090 | D:10     | Remembered your ancestor Ahmose as a knight
  9685 | D:11     | Noticed a brown ugly thing
  9705 | D:11     | Killed a brown ugly thing
  9995 | D:11     | Reached skill level 14 in Maces & Flails
 10239 | D:11     | Noticed a boulder beetle
 10258 | D:11     | Killed a boulder beetle
 10428 | D:11     | Found a staircase to the Orcish Mines.
 10439 | D:11     | Found a staircase to the Lair.
 10491 | D:11     | Identified the +2 flail "Merusymos" {flame, *Noise rPois
                  | rC++ Int+4}
 10576 | D:11     | Found Wepnofru's Self-Published Books.
 10720 | D:11     | Reached XP level 12. HP: 67/67 MP: 13/13
 10745 | Orc:1    | Entered Level 1 of the Orcish Mines
 10818 | Orc:2    | Entered Level 2 of the Orcish Mines
 11141 | Orc:1    | Reached *** piety under Hepliaklqana
 11178 | Orc:1    | Found Hocrumir's CLEARANCE SALE!.
 11821 | Orc:2    | Reached skill level 15 in Maces & Flails
 11966 | Orc:2    | Noticed a centaur warrior
 11975 | Orc:2    | Killed a centaur warrior
 11976 | Orc:2    | Reached skill level 10 in Fighting
 11976 | Orc:2    | Reached skill level 10 in Dodging
 12035 | Orc:2    | Noticed Supercliff's ghost (journeyman MiBe)
 12165 | D:11     | Bought the Almanac of the Sum of Summoning for 1260 gold
                  | pieces
 12174 | D:11     | Learned a level 3 spell: Call Canine Familiar
 12488 | D:12     | Noticed a two-headed ogre
 12494 | D:12     | Killed a two-headed ogre
 12495 | D:12     | Reached skill level 1 in Summonings
 12693 | D:12     | Noticed a two-headed ogre
 12703 | D:12     | Killed a two-headed ogre
 12733 | D:12     | Noticed a two-headed ogre
 12740 | D:12     | Killed a two-headed ogre
 13041 | D:13     | Noticed a boulder beetle
 13048 | D:13     | Identified the +8 orcbow of the Stork {freeze, rPois rF+}
 13048 | D:13     | Noticed a centaur warrior
 13049 | D:13     | Shot with an arrow by a centaur warrior

Illustrated notes

Levels and vault maps discovered:
D:1:      heliophobic_arrival_henge, layout_loops_ring, item_on_display_a
D:2:      minmay_recursive_quarters, layout_loops_corners, serial_shops, shop,
          ebering_ecumenical_altar_rust, basic_altar,
          kennysheep_decorative_pillar, st_stairs_14, minmay_octomino_j4,
          uniq_crazy_yiuf_cottage
D:3:      layout_rooms, mainiacjoe_overflow_alcove_4,
          mainiacjoe_overflow_boulevard
D:4:      layout_cave_pools, nicolae_ru_the_path_less_chosen,
          minmay_temple_entry_fiery
D:5:      layout_basic, good_gods_temple_1, hangedman_abyss_or_decor_stagger,
          hangedman_decor_growths, minmay_misc_feat_x
D:6:      minmay_polygon_palace, layout_cave_pools, ebering_ghost_sewer_d,
          uniq_menkaure, uniq_sigmund
D:7:      layout_loops_ring, chequers_temple_overflow_statue_of_worship,
          serial_shops, nicolae_shop_temple_entry_statues_fountains,
          wad_mini_maze
D:8:      layout_loops_ring, kennysheep_pointless_box, uniq_psyche
D:9:      layout_irregular_city, nicolae_overflow_hallway_of_the_gods,
          lemuel_doored_altar, kennysheep_mini_moat
D:10:     layout_basic, lemuel_crystal_altar
D:11:     layout_cave_pools, hellmonk_lair_entry_icy, orc_0_dummy,
          nicolae_custom_books
D:12:     layout_loops_ring
D:13:     layout_loops_ring, minmay_misc_feat_diagonals
Temple:   ebering_the_one_and_only
Orc:1:    layout_caves, nicolae_shop_clearance
Orc:2:    st_orc_rangers, layout_caves, gammafunk_ghost_split

Skill      XL: |  1  2  3  4  5  6  7  8  9 10 11 12 |
---------------+-------------------------------------+-----
Polearms       | 4 5 |  5.3
Dodging        | 4 6 7 9 11 | 11.2
Fighting       | 5 6 7 8 11 | 11.0
Maces & Flails | 2 3 7 9 12 14 15 | 15.0
Shields        | 2 3 4 6 |  6.0
Summonings     | 2 |  2.4

Action                     |  1- 3 |  4- 6 |  7- 9 | 10-12 || total
---------------------------+-------+-------+-------+-------++-------
  Melee: Spear             |    97 |    32 |       |       ||   129
         Kick              |    21 |    24 |    55 |   179 ||   279
         Peck              |    13 |    18 |    38 |   109 ||   178
         Trident           |       |    68 |       |       ||    68
         Mace              |       |    16 |   189 |   523 ||   728
         Unarmed           |       |       |       |    11 ||    11
   Cast: Call Canine Famil |       |       |       |     1 ||     1
 Invoke: Recall Ancestor   |       |       |       |     2 ||     2
         Ancestor Life: Kn |       |       |       |     1 ||     1
    Use: Potion            |       |     2 |     5 |     1 ||     8
         Scroll            |       |       |     4 |     6 ||    10
   Stab: Sleeping          |     6 |     1 |     4 |     2 ||    13
         Distracted        |       |       |       |     4 ||     4
 Armour: Robe              |    22 |    55 |       |       ||    77
         Steam dragon scal |       |     4 |   105 |   136 ||   245
         Skin              |       |       |       |     1 ||     1
         Troll leather arm |       |       |       |   133 ||   133
  Dodge: Dodged            |    21 |    67 |   250 |   691 ||  1029
         Repelled          |       |       |       |     1 ||     1
  Block: Buckler           |       |     7 |    75 |   229 ||   311

Table legend: (Time is in decaauts)
 A = Elapsed time spent in this place.
 B = Non-inter-level travel time spent in this place.
 C = Inter-level travel time spent in this place.
 D = Time resting spent in this place.
 E = Time spent auto-exploring this place.
 F = Levels seen in this place.
 G = Mean time per level.
                   A        B        C        D        E       F      G
               +--------+--------+--------+--------+--------+-----+--------+
         Total |  13247 |  12607 |    640 |   2358 |   7500 |  18 |  735.9 |
       Dungeon |  11678 |  11092 |    586 |   1844 |   7096 |  13 |  898.3 |
        Temple |      1 |      1 |      0 |      0 |      0 |   1 |    1.0 |
  Orcish Mines |   1335 |   1281 |     54 |    371 |    404 |   2 |  667.5 |
         Abyss |    231 |    231 |      0 |    143 |      0 |   2 |  115.5 |
               +--------+--------+--------+--------+--------+-----+--------+

Top non-repeatable levels by time:
     D:2: 1570 daAuts
    D:10: 1505 daAuts
     D:7: 1059 daAuts
     D:9: 982 daAuts
     D:5: 950 daAuts
   Orc:1: 947 daAuts
    D:11: 900 daAuts
     D:4: 866 daAuts
     D:8: 855 daAuts
     D:6: 835 daAuts
     D:3: 749 daAuts
    D:12: 736 daAuts
     D:1: 635 daAuts
   Orc:2: 388 daAuts
 Abyss:1: 139 daAuts
